 Dungeon Crawl Stone Soup version 0.28-a0-991-g956f0ee3d5 (webtiles) character file.

Game seed: 15862864114965579082

257 Blackjack the Conjurer (level 6, -3/44 HPs)
             Began as a Gnoll Conjurer on Dec 4, 2021.
             Slain by a yak (12 damage)
             ... on level 3 of the Dungeon.
             The game lasted 00:19:13 (3222 turns).

Blackjack the Conjurer (Gnoll Conjurer)             Turns: 3222, Time: 00:19:15

Health: -3/44      AC:  4    Str:  6    XL:     6   Next: 16%
Magic:  7/13       EV: 16    Int: 19    God:
Gold:   187        SH:  0    Dex: 11    Spells: 5/15 levels left

rFire   + . .      SeeInvis .   f - staff of fire
rCold   . . .      Faith    .   (no shield)
rNeg    . . .      Spirit   .   g - +0 leather armour
rPois   .          Reflect  .   d - +0 helmet
rElec   .          Harm     .   (no cloak)
rCorr   .          Rampage  .   (no gloves)
Will    .....                   (no boots)
Stlth   ++........              (no amulet)
HPRegen 0.14/turn               c - +4 ring of evasion
MPRegen 0.13/turn               (no ring)

@: no status effects
A: fangs 1, strong nose, distributed training
a: no special abilities


You were on level 3 of the Dungeon.
You visited 1 branch of the dungeon, and saw 4 of its levels.

You collected 187 gold pieces.

Inventory:

Armour
 d - a +0 helmet (worn)
 g - a +0 leather armour (worn)
Magical Staves
 f - a staff of fire (weapon)
Jewellery
 c - a +4 ring of evasion (left hand)
Scrolls
 a - a scroll of amnesia {unknown}
 b - a scroll of vulnerability
 e - 2 scrolls of identify
 i - 3 scrolls of enchant armour {unknown}
 j - a scroll of summoning {unknown}
Potions
 h - 2 potions of haste {unknown}


   Skills:
 + Level 1.8 Fighting
 + Level 1.8 Short Blades
 + Level 1.8 Long Blades
 + Level 1.8 Axes
 + Level 1.8 Maces & Flails
 + Level 1.8 Polearms
 + Level 1.8 Staves
 + Level 1.8 Slings
 + Level 1.8 Bows
 + Level 1.8 Crossbows
 + Level 1.8 Throwing
 + Level 1.8 Armour
 + Level 4.9 Dodging
 + Level 4.5 Stealth
 + Level 1.8 Shields
 + Level 1.8 Unarmed Combat
 + Level 5.3 Spellcasting
 + Level 7.2 Conjurations
 + Level 1.4 Hexes
 + Level 1.4 Summonings
 + Level 1.4 Necromancy
 + Level 1.4 Translocations
 + Level 1.4 Transmutations
 + Level 1.4 Fire Magic
 + Level 1.4 Ice Magic
 + Level 1.4 Air Magic
 + Level 1.4 Earth Magic
 + Level 1.4 Poison Magic
 + Level 2.0 Invocations
 + Level 1.8 Evocations


You had 5 spell levels left.
You knew the following spells:

 Your Spells              Type           Power      Damage    Failure   Level
a - Magic Dart            Conj           100%       1d8       1%          1
b - Searing Ray           Conj           64%        2d6       1%          2
c - Iskenderun's Mystic   Conj/Tloc      21%        2d6       30%         4
d - Swiftness             Air            10%        N/A       30%         3

Your spell library contained the following spells:

 Spells                   Type           Power      Damage    Failure   Level
 Dazzling Flash           Conj/Hex       42%        N/A       9%          3
 Passwall                 Tmut/Erth      8%         N/A       16%         2
 Fulminant Prism          Conj/Hex       10%        3d9       30%         4


Dungeon Overview and Level Annotations

Branches:
Dungeon (4/15)
 Temple: D:4-7

Altars:
Makhleb

Shops:
D:1 [


Innate Abilities, Weirdness & Mutations

You have very sharp teeth.
Your uncanny sense of smell can sniff out nearby items.
Your experience applies equally to all skills.


Message History

The searing ray hits the yak!
The yak is moderately wounded.
The searing ray hits the yak.
The yak is lightly wounded.
The yak closely misses you.
The searing ray hits the yak.
The yak is lightly wounded.
The searing ray hits the yak.
The yak is heavily wounded.
The yak completely misses you. The yak closely misses you.
The searing ray hits the yak!
The yak is moderately wounded.
The searing ray hits the yak!
The yak is severely wounded.
You finish channelling your searing ray.
The yak closely misses you. x2
The yak gores you! The yak misses you.
You climb upwards.
There is a stone staircase leading down here.
The yak gores you!
* * * LOW HITPOINT WARNING * * *
The yak gores you.
* * * LOW HITPOINT WARNING * * *
The yak gores you.
* * * LOW HITPOINT WARNING * * *
A frilled lizard comes into view.
The frilled lizard hisses angrily.
The frilled lizard moves out of view.
Casting: Searing Ray (safe; 1% risk of failure)
Confirm with . or Enter, or press ? or * to list all spells.
Aiming: Searing Ray (safe; 1% risk of failure)
Press: ? - help, Shift-Dir - straight line, f - yak
Aim: a yak (lightly wounded, 88% to hit)
The searing ray hits the yak!
The yak is heavily wounded.
The searing ray hits the yak!
The yak is moderately wounded. (Press . to maintain the ray.)
The yak gores you!
You die...

............####(................
........#......#............#####
....######.#...#............#
.#### ###.#...#........##### .#
#...#...#...#######
.#######.#.....##........#
Z......#.#.....##........#
<#####.#.#..##.##........#######
.......#..>...YY@l.......†)....#
#####........####........#####.#
#........# #........#####.##
#.......## ##########.......
#.......# #....... #.......#
#....... #.......# #######.
####.......# ##########.
#..........# #..........


You could see 2 yaks and a frilled lizard.

Vanquished Creatures
  A hornet zombie (D:3)
  A scorpion (D:4)
  4 adders
  3 worms
  2 dart slugs
  8 endoplasms
  4 giant cockroaches
  5 goblins
  3 hobgoblins
  3 quokkas
  7 ball pythons
  4 bats
  3 frilled lizards
  5 kobolds
  2 rats
55 creatures vanquished.

Notes
Turn   | Place    | Note
-------+----------+-------------------------------------------
     0 | D:1      | Blackjack the Gnoll Conjurer began the quest for the Orb.
     0 | D:1      | Reached XP level 1. HP: 13/13 MP: 6/6
    62 | D:1      | You fall into a shaft and drop 1 floor!
    67 | D:1      | Found Wirgh's Antique Armour Boutique.
   330 | D:1      | Reached XP level 2. HP: 19/19 MP: 5/7
   333 | D:1      | Learned a level 2 spell: Searing Ray
   981 | D:2      | Reached skill level 5 in Spellcasting
   981 | D:2      | Reached XP level 3. HP: 25/25 MP: 1/9
  1255 | D:2      | Reached skill level 1 in Invocations
  1684 | D:2      | Reached skill level 1 in Fighting
  1684 | D:2      | Reached skill level 1 in Short Blades
  1684 | D:2      | Reached skill level 1 in Long Blades
  1684 | D:2      | Reached skill level 1 in Axes
  1684 | D:2      | Reached skill level 1 in Maces & Flails
  1684 | D:2      | Reached skill level 1 in Polearms
  1684 | D:2      | Reached skill level 1 in Staves
  1684 | D:2      | Reached skill level 1 in Slings
  1684 | D:2      | Reached skill level 1 in Bows
  1684 | D:2      | Reached skill level 1 in Crossbows
  1684 | D:2      | Reached skill level 1 in Throwing
  1684 | D:2      | Reached skill level 1 in Armour
  1684 | D:2      | Reached skill level 1 in Shields
  1684 | D:2      | Reached skill level 1 in Unarmed Combat
  1684 | D:2      | Reached skill level 1 in Evocations
  1752 | D:2      | Found a burning altar of Makhleb.
  1839 | D:3      | Reached XP level 4. HP: 32/32 MP: 3/11
  1977 | D:3      | Learned a level 4 spell: Iskenderun's Mystic Blast
  1981 | D:3      | Learned a level 3 spell: Swiftness
  2285 | D:3      | Reached skill level 1 in Hexes
  2285 | D:3      | Reached skill level 1 in Summonings
  2285 | D:3      | Reached skill level 1 in Necromancy
  2285 | D:3      | Reached skill level 1 in Translocations
  2285 | D:3      | Reached skill level 1 in Transmutations
  2285 | D:3      | Reached skill level 1 in Fire Magic
  2285 | D:3      | Reached skill level 1 in Ice Magic
  2285 | D:3      | Reached skill level 1 in Air Magic
  2285 | D:3      | Reached skill level 1 in Earth Magic
  2285 | D:3      | Reached skill level 1 in Poison Magic
  2325 | D:3      | Reached XP level 5. HP: 11/37 MP: 2/12
  2820 | D:4      | Reached XP level 6. HP: 27/44 MP: 5/13
  3184 | D:4      | Noticed a yak
  3189 | D:4      | Noticed a yak
  3191 | D:4      | Noticed a yak
  3191 | D:4      | Noticed a yak
  3193 | D:4      | Noticed a yak
  3222 | D:3      | Slain by a yak

Illustrated notes

Levels and vault maps discovered:
D:1:      lordsloth_arrival_two_stooges, layout_basic, serial_shops, shop
D:2:      layout_rooms, basic_altar, minmay_quantized
D:3:      layout_basic, minmay_misc_feat_encased
D:4:      layout_cave_pools, vehumet_statue, nrook_uturn, nrook_mini_vaults,
          uniq_ijyb, uniq_natasha, uniq_eustachio, uniq_sigmund

Skill      XL: |  1  2  3  4  5 |
---------------+----------------+-----
Spellcasting   | 5 |  5.3
Invocations    | 1 2 |  2.0
Fighting       | 1 |  1.8
Short Blades   | 1 |  1.8
Long Blades    | 1 |  1.8
Axes           | 1 |  1.8
Maces & Flails | 1 |  1.8
Polearms       | 1 |  1.8
Staves         | 1 |  1.8
Slings         | 1 |  1.8
Bows           | 1 |  1.8
Crossbows      | 1 |  1.8
Throwing       | 1 |  1.8
Armour         | 1 |  1.8
Shields        | 1 |  1.8
Unarmed Combat | 1 |  1.8
Evocations     | 1 |  1.8
Hexes          | 1 |  1.4
Summonings     | 1 |  1.4
Necromancy     | 1 |  1.4
Translocations | 1 |  1.4
Transmutations | 1 |  1.4
Fire Magic     | 1 |  1.4
Ice Magic      | 1 |  1.4
Air Magic      | 1 |  1.4
Earth Magic    | 1 |  1.4
Poison Magic   | 1 |  1.4
Dodging        | |  4.9
Stealth        | |  4.5
Conjurations   | |  7.2

Action                   |  1- 3 |  4- 6 || total
-------------------------+-------+-------++-------
Melee: Staff             |    22 |     1 ||    23
       Bite              |     1 |       ||     1
 Cast: Magic Dart        |     8 |       ||     8
       Searing Ray       |    40 |    26 ||    66
  Use: Scroll            |       |     3 ||     3
       Potion            |       |     1 ||     1
Armor: Leather armour    |     2 |     3 ||     5
Dodge: Dodged            |    30 |    22 ||    52

Table legend: (Time is in decaauts)
 A = Elapsed time spent in this place.
 B = Non-inter-level travel time spent in this place.
 C = Inter-level travel time spent in this place.
 D = Time resting spent in this place.
 E = Time spent auto-exploring this place.
 F = Levels seen in this place.
 G = Mean time per level.
                   A        B        C        D        E       F      G
               +--------+--------+--------+--------+--------+-----+--------+
         Total |   3224 |   3168 |     56 |    573 |   2034 |   4 |  806.0 |
       Dungeon |   3224 |   3168 |     56 |    573 |   2034 |   4 |  806.0 |
               +--------+--------+--------+--------+--------+-----+--------+

Top non-repeatable levels by time:
     D:2: 1068 daAuts
     D:3: 888 daAuts
     D:1: 853 daAuts
     D:4: 413 daAuts
